 Dungeon Crawl Stone Soup version 0.26-a0-466-g989023bd0d (webtiles) character file.

Game seed: 3000643316011776843

25 bmfx the Chopper (level 2, -5/25 HPs)
             Began as a Palentonga Fighter on July 31, 2020.
             Slain by a gnoll
             ... wielding a +0 flail
              (11 damage)
             ... on level 1 of the Dungeon.
             The game lasted 00:01:24 (756 turns).

bmfx the Chopper (Palentonga Fighter)                Turns: 756, Time: 00:01:25

Health: -5/25      AC:  6    Str: 19    XL:     2   Next: 82%
Magic:  2/2        EV:  5    Int:  8    God:
Gold:   18         SH:  8    Dex:  9    Spells: 1/1 levels left

rFire    . . .     SeeInvis +   a - +0 war axe
rCold    . . .     Faith    .   c - +0 kite shield
rNeg     . . .     Spirit   .   b - +0 scale mail
rPois    .         Reflect  .   (no helmet)
rElec    .         Harm     .   (no cloak)
rCorr    .                      (no gloves)
MR       .....                  (boots restricted)
Stlth    ..........             (no amulet)
HPRegen  0.08/turn              (no ring)
MPRegen  0.08/turn              (no ring)

@: no status effects
A: large, rugged brown scales 3, see invisible, deformed body, roll, armoured
tail
a: Rolling Charge


You were on level 1 of the Dungeon.
You visited 1 branch of the dungeon, and saw 1 of its levels.

You collected 18 gold pieces.


Innate Abilities, Weirdness & Mutations

You are completely covered in rugged brown scales. (AC +3, +7% HP)
You have supernaturally acute eyesight. (SInv)
Armour fits poorly on your strangely shaped body.
You can roll at foes to attack.
You have a long armoured tail.

Dungeon Overview and Level Annotations

Branches:
Dungeon (1/15)

Altars:


   Skills:
 - Level 3.0 Fighting
 + Level 3.4 Axes
 - Level 2.4 Armour
 - Level 2.4 Shields


You had one spell level left.
You didn't know any spells.
Your spell library was empty.

Action                   || total
-------------------------++-------
Melee: War axe           ||    68
       Tailslap          ||     6
 Abil: Rolling Charge    ||    11
Armor: Scale mail        ||    30
Dodge: Dodged            ||    18
Block: Kite shield       ||    26

Skill      XL: |  1  2 |
---------------+-------+-----
Axes           | 3 |  3.4
Fighting       | |  3.0
Armour         | |  2.4
Shields        | |  2.4

Inventory:

Hand Weapons
 a - a +0 war axe (weapon)
Missiles
 k - 6 poisoned darts (quivered)
Armour
 b - a +0 scale mail (worn)
 c - a +0 kite shield (worn)
Scrolls
 e - a scroll of enchant weapon {unknown}
 g - a scroll of blinking {unknown}
 j - 2 scrolls of teleportation {unknown}
 l - a scroll of noise {unknown}
Potions
 d - a potion of might
 f - 2 potions of curing {unknown}
 h - a potion of cancellation {unknown}
 i - a potion of ambrosia {unknown}

#.# ..# #.#
#.# #.# #.#
#.#
##)#####.#
#.#
#.......#
#.#
#..#####.#
#####.#####
######..#
..........#
#.g.....#
#####.###.#
#@####.##
###.# #.#
#.# #.#
#..># #.#
#.# #.#
#.###
#.######.#
#.# #.#
#........#
#.# #.##
#..#######
#.#
###.†####..#
.#
.(.....)...#
####.#####.#


You could see a gnoll.

Vanquished Creatures
  A dart slug (D:1)
  A leopard gecko (D:1)
  2 goblins (D:1)
  4 hobgoblins (D:1)
  2 bats (D:1)
  5 frilled lizards (D:1)
  4 kobolds (D:1)
  4 rats (D:1)
23 creatures vanquished.

Vanquished Creatures (others)
  4 toadstools (D:1)
4 creatures vanquished.

Grand Total: 27 creatures vanquished

Levels and vault maps discovered:
D:1:      ldierk_walled_garden_2, layout_loops_ring


Message History

The hobgoblin is almost dead.
You hit the gnoll. The gnoll hits you with a +0 flail.
The hobgoblin completely misses you. The gnoll hits you but does no damage.
You closely miss the hobgoblin.
The hobgoblin is almost dead.
You closely miss the gnoll. The hobgoblin hits you with a +0 club.
You block the gnoll's attack.
You barely miss the hobgoblin.
The hobgoblin is almost dead.
You completely miss the gnoll. The hobgoblin hits you with a +0 club.
The gnoll barely misses you.
The hobgoblin hits you but does no damage.
You closely miss the hobgoblin. You tail-slap the hobgoblin.
You kill the hobgoblin!
You hit the gnoll. The gnoll hits you with a +0 flail!
* * * LOW HITPOINT WARNING * * *
Things that are here:
a +0 club; a hobgoblin corpse The gnoll hits you with a +0 flail!
You die...

Notes
Turn   | Place    | Note
-------+----------+-------------------------------------------
     0 | D:1      | bmfx the Palentonga Fighter began the quest for the Orb.
     0 | D:1      | Reached XP level 1. HP: 19/19 MP: 1/1
   284 | D:1      | Reached XP level 2. HP: 15/25 MP: 2/2
   756 | D:1      | Slain by a gnoll
